 Dungeon Crawl Stone Soup version 0.21-a0-404-g291f19a (webtiles) character file.

5 grizmgrazm2 the Grave Robber (level 1, -1/13 (14) HPs)
             Began as a Ghoul Necromancer on Oct 29, 2017.
             Slain by an ooze (3 damage)
             ... on level 1 of the Dungeon.
             The game lasted 00:00:49 (108 turns).

grizmgrazm2 the Grave Robber (Ghoul Necromancer)     Turns: 108, Time: 00:00:51

HP:   -1/13 (14)    AC:  2    Str: 11    XL:     1   Next: 80%
MP:   0/2           EV: 12    Int: 10    God:
Gold: 14            SH:  0    Dex:  9    Spells: 2/3 levels left

rFire    . . .     SeeInvis .   f - -1 hand axe (curse)
rCold    + . .     Gourm    .   (no shield)
rNeg     + + +     Faith    .   a - +0 robe
rPois    ∞         Spirit   .   (no helmet)
rElec    .         Reflect  .   (no cloak)
rCorr    .         Harm     .   (no gloves)
MR       .....                  (no boots)
Stlth    ++........             (no amulet)
HPRegen  0.00/turn              (no ring)
MPRegen  0.08/turn              (no ring)

@: rotting
A: rotting body, claws 1, carnivore 3, cold resistance 1, negative energy
resistance 3, inhibited regeneration, torment resistance, unbreathing
a: no special abilities


You were on level 1 of the Dungeon.
You were not hungry.

You visited 1 branch of the dungeon, and saw 1 of its levels.

You collected 14 gold pieces.

Inventory:

Hand Weapons
 f - a cursed -1 hand axe (weapon)
Armour
 a - a +0 robe (worn)
Scrolls
 d - a scroll of remove curse {unknown}
 e - a scroll of identify {unknown}
Books
 b - a book of Necromancy

   Spells                             Type                      Level
   a - Pain                           Necromancy                   1
   b - Animate Skeleton               Necromancy                   1
   c - Vampiric Draining              Necromancy                   3
   d - Regeneration                   Charms/Necromancy            3
   e - Animate Dead                   Necromancy                   4
   f - Control Undead                 Necromancy                   4
Comestibles
 c - a meat ration


   Skills:
 + Level 1.8 Dodging
 + Level 2.2 Stealth
 + Level 1.8 Spellcasting
 + Level 4.2 Necromancy


You had 2 spell levels left.
You knew the following spells:

 Your Spells              Type           Power        Failure   Level  Hunger
a - Pain                  Necr           #...         5%          1    ##.....


Dungeon Overview and Level Annotations

Branches:
Dungeon (1/15)

Altars:


Innate Abilities, Weirdness & Mutations

Your body is rotting away.
You thrive on raw meat.
You are immune to poison.
You have sharp fingernails.
You are carnivorous and can eat meat at any time.
Your flesh is cold resistant. (rC+)
You are immune to negative energy. (rN+++)
You do not regenerate when monsters are visible.
You are immune to unholy pain and torment.
You can survive without breathing.


Message History

Aim: an ooze (lightly wounded, chance to defeat MR: 60%)
The ooze resists with significant effort.
Casting: Pain
Confirm with . or Enter, or press ? or * to list all spells.
You don't have enough magic to cast that spell.
The ooze hits you.
You barely miss the ooze.
The ooze is lightly wounded.
The ooze barely misses you.
You hit the ooze.
The ooze is moderately wounded.
The ooze hits you.
* * * LOW HITPOINT WARNING * * *
You hit the ooze.
The ooze is heavily wounded.
The ooze misses you. The ooze completely misses you.
You barely miss the ooze.
The ooze is heavily wounded.
The ooze hits you.
You die...

#. .. #.# #..# #..##
#####..###########.#
...........$..@....#
##..........J##### ≈
#...........# ≈≈
#...........# ≈..
#...............
..####...........####
.................#
.....#####..######
..≈..# #).#


You could see an ooze.

Vanquished Creatures
  An ooze (D:1)
  A bat (D:1)
2 creatures vanquished.

Notes
Turn   | Place    | Note
-------+----------+-------------------------------------------
     0 | D:1      | grizmgrazm2 the Ghoul Necromancer began the quest for the Orb.
     0 | D:1      | Reached XP level 1. HP: 14/14 MP: 2/2
   108 | D:1      | Slain by an ooze

Vault maps used:
D:1:      denvon_arrival_waterhouse, minmay_misc_feat_hallway

Action                   || total
-------------------------++-------
Melee: Hand axe          ||     9
       Unarmed           ||     5
 Cast: Pain              ||     4
 Stab: Sleeping          ||     1
Armor: Robe              ||     5
Dodge: Dodged            ||    15

Table legend:
 A = Spawn XP
 B = Non-spawn XP
 C = Spawn XP percentage of total XP
 D = Spawn monster count
 E = Non-spawn monster count
 F = Spawn count percentage of total count
 G = Total turns spent on level
                    A         B        C        D         E        F      G
               +---------+---------+-------+---------+---------+-------+---------
         Total |       0 |       8 |   0.0 |       0 |       2 |   0.0 |   108
               +---------+---------+-------+---------+---------+-------+---------
           D:1 |       0 |       8 |   0.0 |       0 |       2 |   0.0 |   108
               +---------+---------+-------+---------+---------+-------+---------
